 Dungeon Sprint DCSS version 0.23.2-30-g0e89c35649 (webtiles) character file.

Game seed: 18224710261212309417

65 HASTUR3 the Insei (level 3, -3/29 HPs)
             Began as a Demonspawn Chaos Knight on June 17, 2019.
             Was a Plaything of Xom.
             Slain by a sixfirhy (10 damage)
             ... summoned by a kobold demonologist
             ... in the Dungeon (Sprint III: "The Ten Rune Challenge").
             The game lasted 00:02:31 (488 turns).

HASTUR3 the Insei (Demonspawn Chaos Knight)          Turns: 488, Time: 00:02:32

Health: -3/29      AC:  5    Str: 12    XL:     3   Next: 92%
Magic:  3/3        EV: 11    Int: 13    God:    Xom [..*...]
Gold:   30         SH:  0    Dex: 13    Spells: 2/2 levels left

rFire    . . .     SeeInvis .     - Unarmed
rCold    . . .     Gourm    .   (no shield)
rNeg     . . .     Faith    .   a - +2 leather armour
rPois    .         Spirit   .   (no helmet)
rElec    .         Reflect  .   (no cloak)
rCorr    .         Harm     .   (no gloves)
MR       .....     NoTele   +   (no boots)
Stlth    +.........             (no amulet)
HPRegen  0.09/turn              (no ring)
MPRegen  0.08/turn              (no ring)

@: no status effects
A: demonic guardian 1, mutation resistance 1
a: Renounce Religion


You were in the Dungeon.
You worshipped Xom.
You were a toy of Xom.
You were not hungry.

You visited 1 branch You collected 30 gold pieces.

Inventory:

Armour
 a - a +2 leather armour (worn)
Scrolls
 d - a scroll of holy word {unknown}
 g - 3 scrolls of identify
 h - a scroll of blinking
 j - 3 scrolls of remove curse
 l - a scroll of torment {unknown}
Potions
 e - a potion of haste
 f - 2 potions of magic
 k - 2 potions of curing
 m - 2 potions of brilliance {unknown}
Comestibles
 b - 4 rations


   Skills:
 - Level 3.0 Fighting
 - Level 1.7 Armour
 - Level 0.8 Dodging
 + Level 7.6 Unarmed Combat


You had 2 spell levels left.
You didn't know any spells.
Your spell library was empty.

Dungeon Overview and Level Annotations

Branches:
Dungeon (1/1)

Altars:
Kikubaaqudgha
Sif Muna
Vehumet
Zin


Innate Abilities, Weirdness & Mutations

A weak demonic guardian rushes to your aid.
You are somewhat resistant to further mutation.


Message History

You punch the kobold demonologist.
The kobold demonologist is almost dead.
The kobold demonologist hits you but does no damage.
You completely miss the kobold demonologist.
The kobold demonologist is almost dead.
Xom's power flows through you!
The kobold demonologist casts a spell.
The wizard hits you but does no damage.
You closely miss the kobold demonologist.
The kobold demonologist is almost dead.
Your shadow imp completely misses the sixfirhy.
You closely miss the kobold demonologist.
The kobold demonologist is almost dead.
The sixfirhy hits you. The sixfirhy shocks you!
A shower of butterflies erupts from you!
The sixfirhy misses you. The sixfirhy hits you!
* * * LOW HITPOINT WARNING * * *
The sixfirhy shocks you!
You die...
Xom guffaws!

###....♣.♣ ♣..# .#
..#....≈♣♣ ♣♣.###+#+###+
..#...≈≈.♣♣♣..#.........
..#..≈≈≈≈.♣♣..'.⌠.......
#'#..≈≈≈≈≈≈.♣.#...######
÷.#.≈≈≈≈≈≈....#.⌠.#
..#.≈≈≈≈≈.....#b..#
..#.≈≈≈.......#p###
###...........#h@K#
..............#b53#
▓▓▓▓▓▓▓▓▓▓▓▓▓▓▓▓▓▓▓


You could see a wizard, a kobold demonologist, a sixfirhy, a friendly hound and
a friendly shadow imp.

Vanquished Creatures
  A water elemental (D)
  A human (D)
  A wolf (D)
  4 rats (D)
7 creatures vanquished.

Vanquished Creatures (others)
  2 draconian scorchers (D)
  6 hellions (D)
  2 yaktaurs (D)
  2 plants (D)
12 creatures vanquished.

Grand Total: 19 creatures vanquished

Notes
Turn   | Place    | Note
-------+----------+-------------------------------------------
     0 | D        | HASTUR3 the Demonspawn Chaos Knight began the quest for the
                  | Orb.
     0 | D        | Reached XP level 1. HP: 18/18 MP: 1/1
     3 | D        | Reached skill level 3 in Unarmed Combat
    16 | D        | Killed a yaktaur
    63 | D        | Noticed a wolf
    63 | D        | XOM: butterfly on damage
    97 | D        | XOM: divination: detect items
   103 | D        | Reached skill level 5 in Unarmed Combat
   103 | D        | Gained mutation: A weak demonic guardian rushes to your
                  | aid. [demonic ancestry]
   103 | D        | Reached XP level 2. HP: 3/24 MP: 2/2
   115 | D        | Reached skill level 6 in Unarmed Combat
   115 | D        | Reached XP level 3. HP: 9/29 MP: 3/3
   122 | D        | Killed a yaktaur
   128 | D        | Killed a hellion
   128 | D        | Killed a hellion
   128 | D        | Killed a hellion
   129 | D        | Killed a hellion
   138 | D        | Killed a white draconian scorcher
   168 | D        | Killed a white draconian scorcher
   191 | D        | Killed a hellion
   192 | D        | Gained mutation: Your mind is acute. (Int +2) [potion of
                  | mutation]
   192 | D        | Gained mutation: You have very sharp teeth. [potion of
                  | mutation]
   192 | D        | Gained mutation: You expend magic power (3 MP) to
                  | strengthen your wands. [potion of mutation]
   192 | D        | Gained mutation: You have extremely sharp teeth. [potion of
                  | mutation]
   193 | D        | Lost mutation: Your mind is acute. (Int +2) [potion of
                  | mutation]
   193 | D        | Lost mutation: You have extremely sharp teeth. [potion of
                  | mutation]
   193 | D        | Lost mutation: You have very sharp teeth. [potion of
                  | mutation]
   193 | D        | Gained mutation: Potions are less effective at restoring
                  | your health. [potion of mutation]
   193 | D        | Gained mutation: You are somewhat resistant to further
                  | mutation. [potion of mutation]
   194 | D        | Lost mutation: You expend magic power (3 MP) to strengthen
                  | your wands. [potion of mutation]
   194 | D        | Lost mutation: Potions are less effective at restoring your
                  | health. [potion of mutation]
   194 | D        | Lost mutation: You are somewhat resistant to further
                  | mutation. [potion of mutation]
   194 | D        | Gained mutation: You are somewhat resistant to further
                  | mutation. [potion of mutation]
   216 | D        | Killed a hellion
   328 | D        | Noticed a water elemental
   341 | D        | XOM: noise
   342 | D        | Killed a water elemental
   342 | D        | Reached skill level 7 in Unarmed Combat
   463 | D        | XOM: noise
   474 | D        | Found a glowing silver altar of Zin.
   480 | D        | Found a radiant altar of Vehumet.
   481 | D        | Found a deep blue altar of Sif Muna.
   481 | D        | Found an ancient bone altar of Kikubaaqudgha.
   481 | D        | Noticed a wizard
   486 | D        | XOM: cast spell 'Call Canine Familiar'
   487 | D        | Noticed a sixfirhy
   488 | D        | XOM: butterfly on damage
   488 | D        | Slain by a sixfirhy

Skill      XL: |  1  2  3 |
---------------+----------+-----
Unarmed Combat | 5 6 7 |  7.6
Fighting       | |  3.0
Armour         | |  1.7
Dodging        | |  0.8

Action                   || total
-------------------------++-------
Melee: Unarmed           ||    39
       Punch             ||     1
  Use: Potion            ||     6
Armor: Leather armour    ||    14
Dodge: Dodged            ||    16
